Map: Automaton LE

Players

Reynor

  • Race: Zerg Zerg
  • League: Master
  • Spawn Location: 3:00

Elazer - Winner!

  • Race: Zerg Zerg
  • Spawn Location: 9:00

Event: 2019 WCS Winter Europe

VOD

Have the link to the VOD?

Description

Time

  • Played on: March 23, 2019, 9:25 a.m.
  • Length: 9:44

All games in this series

Show
View Real Time Build Order
Export as new Build Order

Reynor Zerg 

Build Orders: Hatch First 

Get SALT Encoding   

  12  0:00  Drone  
  13  0:12  Overlord  
  13  0:17  Drone  
  14  0:30  Drone x2  
  14  0:34  Drone  
  17  0:52  Hatchery  
  17  0:55  Drone  
  17  0:59  Drone  
  18  1:10  Extractor  
  17  1:15  Spawning Pool  
  17  1:17  Drone  
  17  1:20  Drone  
  18  1:28  Drone  
  19  1:38  Drone  
  20  1:49  Drone  
  21  2:00  Overlord  
  21  2:03  Queen  
  21  2:04  Queen, Drone  
  26  2:12  Drone  
  27  2:15  Zergling x2  
  28  2:26  Zergling x4  
  30  2:30  Spine Crawler  
  30  2:33  Zergling x2, Baneling Nest  
  30  2:36  Zergling x2  
  30  2:46  Zergling x2  
  30  2:58  Zergling x2  
  31  3:01  Zergling x2  
  31  3:07  Zergling x2  
  31  3:12  Queen  
  32  3:17  Baneling x3  
  34  3:26  Overlord  
  31  3:29  Metabolic Boost  
  31  3:31  Baneling  
  31  3:38  Baneling  
  31  3:54  Queen  
  31  4:06  Baneling  
  31  4:07  Baneling  
  30  4:12  Drone x2  
  30  4:13  Extractor, Zergling x4  
  31  4:22  Drone  
  31  4:28  Zergling x2  
  31  4:29  Hatchery  
  31  4:36  Drone  
  31  4:39  Drone x2  
  31  4:44  Drone  
  34  4:55  Overlord  
  34  5:10  Drone  
  34  5:11  Drone x3  
  38  5:18  Evolution Chamber  
  38  5:19  Zergling x2  
  38  5:21  Baneling  
  38  5:30  Drone  
  39  5:40  Hatchery  
  38  5:43  Zerg Ground Armor Level 1  
  38  5:45  Drone x2  
  38  5:48  Drone  
  41  5:51  Drone  
  41  5:55  Drone  
  43  5:59  Zergling x4  
  45  6:05  Drone  
  45  6:06  Queen  
  45  6:10  Zergling x2  
  49  6:14  Overlord  
  49  6:18  Drone x3  
  51  6:20  Drone  
  52  6:31  Overlord x2  
  52  6:35  Zergling x6  
  52  6:38  Queen  
  57  6:43  Baneling x3  
  58  6:47  Drone x2  
  58  6:50  Zergling x4  
  58  6:53  Drone x3  
  63  6:56  Zergling x4  
  65  7:01  Drone x2  
  65  7:07  Overlord  
  67  7:09  Zergling x4  
  67  7:16  Roach Warren, Zergling x2  
  67  7:19  Extractor, Drone x3  
  67  7:21  Zergling x4  
  67  7:22  Zergling x2  
  72  7:27  Baneling  
  72  7:29  Zergling x12  
  79  7:34  Zergling x4  
  76  7:41  Zergling x2  
  76  7:44  Zergling x2  
  73  7:45  Queen  
  73  7:46  Zergling x2  
  73  7:49  Baneling x4  
  73  7:50  Zergling x10  
  72  7:51  Zergling x4  
  69  7:58  Zergling x4  
  63  8:06  Zergling x2  
  63  8:09  Zergling x2  
  56  8:14  Zergling x2  
  56  8:18  Zergling x4  
  50  8:22  Zergling x2  
  48  8:30  Zergling x2  
  48  8:32  Zergling x2  
  48  8:33  Zergling x4  
  50  8:35  Baneling x2  
  50  8:37  Zergling x2  
  50  8:39  Zergling x2  
  52  8:44  Baneling x2  
  52  8:46  Zergling x4  
  54  8:49  Zergling x2  
  54  8:51  Baneling  
  54  8:54  Zergling x4  
  55  8:58  Zergling x2  
  56  9:05  Zergling x4  
  56  9:08  Baneling x2  
  56  9:09  Baneling x4  
  53  9:10  Zergling x2  
  53  9:11  Baneling x4  
  53  9:13  Zergling x2  
  53  9:15  Zergling x2  
  54  9:20  Zergling x2  
Show
View Real Time Build Order
Export as new Build Order

Elazer Zerg - Winner!

Build Orders: 1 Base Baneling Bust, Pool First 

Get SALT Encoding   

  12  0:00  Drone  
  13  0:14  Extractor  
  12  0:23  Spawning Pool  
  11  0:29  Drone  
  11  0:33  Drone  
  13  0:38  Drone  
  14  0:49  Overlord  
  14  1:10  Queen, Zergling x2  
  17  1:17  Metabolic Boost  
  17  1:22  Zergling x2  
  18  1:26  Zergling x2  
  18  1:30  Zergling x2  
  20  1:35  Zergling x2  
  21  1:48  Baneling Nest  
  21  1:49  Zergling x2  
  21  1:57  Overlord  
  21  2:08  Zergling x2  
  22  2:18  Zergling x2  
  22  2:19  Zergling x4  
  25  2:31  Zergling x2  
  26  2:37  Baneling  
  26  2:48  Zergling x2  
  26  2:55  Zergling x6  
  26  2:57  Baneling  
  29  2:58  Zergling x2  
  29  3:01  Baneling  
  29  3:05  Baneling  
  29  3:15  Overlord  
  30  3:27  Drone  
  29  3:41  Hatchery, Drone  
  28  3:53  Drone x2  
  29  3:56  Drone  
  29  4:00  Drone  
  28  4:04  Drone  
  26  4:15  Drone x2  
  27  4:20  Zergling x2  
  26  4:27  Queen  
  27  4:47  Zergling x2  
  27  4:48  Zergling x6  
  31  4:55  Overlord  
  31  4:57  Drone x2  
  33  5:04  Drone x2  
  34  5:11  Baneling x2, Queen  
  36  5:20  Lair  
  36  5:22  Drone  
  36  5:24  Drone  
  39  5:28  Drone x2  
  39  5:31  Drone  
  39  5:35  Drone  
  42  5:38  Drone  
  42  5:41  Drone  
  42  5:42  Drone  
  45  5:50  Roach Warren  
  45  5:55  Queen  
  46  5:57  Extractor  
  44  6:08  Zergling x6  
  47  6:19  Overlord  
  47  6:23  Nydus Network  
  46  6:30  Overlord  
  46  6:31  Roach x2  
  46  6:32  Roach  
  52  6:35  Overlord  
  51  6:40  Roach  
  51  6:41  Roach x2  
  51  6:43  Queen  
  59  6:51  Roach x2  
  62  7:04  Nydus Canal  
  62  7:06  Roach x4  
  69  7:10  Roach  
  71  7:16  Roach x2  
  71  7:21  Overlord  
  75  7:29  Nydus Canal  
  74  7:39  Roach  
  72  7:45  Roach x4  
  72  7:48  Roach  
  76  7:55  Roach  
  76  7:57  Nydus Canal  
  75  8:00  Queen x2  
  75  8:02  Roach  
  79  8:07  Roach  
  79  8:11  Roach  
  59  8:20  Roach x2  
  59  8:30  Nydus Canal  
  59  8:33  Roach  
  61  8:36  Queen  
  61  8:39  Queen  
  61  8:40  Roach  
  67  8:43  Roach  
  69  8:51  Roach  
  69  8:55  Roach  
  73  9:01  Nydus Canal  
  73  9:11  Roach x2  
  77  9:18  Roach  
Tags
 
Add a new tag
Caveats
  • Supply blocks, unpowered buildings, or Contaminate may cause inaccurate times.
  • Supply counts are checked every 10 seconds.